Description

这是一种针对神族(Protoss)对抗虫族(Zerg)的快速进攻策略。 This is a fast attack strategy for Protoss against Zerg. 이것은 프로토스가 저그와 싸우기 위한 빠른 공격 전략입니다. これはプロトス対ゼルグの迅速な攻撃戦術です。

Replay - Babylon LE (21)

Build Order

Get SALT Encoding   

  12  0:00  Probe  
  13  0:12  Probe  
  14  0:21  Pylon  
  14  0:24  Probe  
  15  0:39  Probe (Chrono Boost)  
  15  0:42  Gateway  
  17  0:50  Assimilator  
  17  0:51  Probe x2 (Chrono Boost)  
  18  1:05  Probe  
  19  1:18  Probe  
  20  1:28  Nexus  
  20  1:37  Cybernetics Core  
  20  1:45  Probe (Chrono Boost)  
  20  1:46  Assimilator  
  21  1:51  Pylon  
  21  1:57  Probe (Chrono Boost)  
  23  2:12  Adept (Chrono Boost)  
  26  2:16  Warp Gate  
  26  2:25  Twilight Council  
  28  2:37  Stalker  
  35  3:06  Dark Shrine  
  37  3:15  Gateway  
  38  3:25  Robotics Facility  
  38  3:29  Gateway  
  38  3:36  Shield Battery  
  40  3:44  Pylon  
  40  3:51  Assimilator  
  44  4:09  Warp Prism (Chrono Boost)  
  44  4:12  Gateway  
  48  4:17  Assimilator  
  48  4:26  Pylon  
  50  4:36  Pylon  
  50  5:00  Dark Templar x3  
  56  5:07  Dark Templar  
  56  5:08  Immortal (Chrono Boost)  
  56  5:11  Charge  
  62  5:18  Gateway x3  
  62  5:24  Gateway  
  62  5:38  Immortal (Chrono Boost)  
  66  5:56  Archon x2  
  66  6:04  Immortal (Chrono Boost)  
  66  6:05  Sentry x2  
  74  6:22  Dark Templar x2  
  74  6:23  Zealot x4  
  86  6:34  Observer (Chrono Boost)  
  86  6:36  Archon  
  87  6:54  Dark Templar x2, Zealot x6  
  91  6:58  Archon  
Spawning Tool Build Advisor. Get it on Overwolf

Analysis

这是一种针对神族(Protoss)对抗虫族(Zerg)的快速进攻策略。首先,利用建筑物堵住第二矿场的入口,通过能量护盾和追猎者来抵御虫族的早期进攻。然后,尽快升级黑暗圣堂科技,并利用传送棱镜将四个黑暗圣堂武士传送到虫族的第三矿场基地。需要注意的是,黑暗圣堂武士应优先攻击虫族的第三矿场基地。成功摧毁该基地后,虫族将失去大量单位的生产能力。随后,黑暗圣堂武士合并为两个执政官,进行骚扰行动。在补充完整的八个兵营后,确保两个矿场资源充分开采,并在拥有两个不朽者后立即发动一波进攻。在这种情况下,虫族几乎无法进行有效抵抗。

This is a fast attack strategy for Protoss against Zerg. Firstly, use buildings to block the entrance of the second expansion, and defend against the Zerg's early aggression with shield batteries and Stalkers. Then, upgrade the Dark Shrine technology as quickly as possible and use the Warp Prism to transport four Dark Templars to the Zerg's third expansion. It is important to note that the Dark Templars should prioritize attacking the Zerg's third expansion. After successfully destroying the base, the Zerg will lose their ability to produce a large number of units. Next, merge the Dark Templars into two Archons and perform harassment tactics. After completing a full set of eight gateways, ensure sufficient resource gathering from both expansions, and launch an all-out attack with two Immortals. Under these circumstances, the Zerg will hardly be able to put up an effective defense.

이것은 프로토스가 저그와 싸우기 위한 빠른 공격 전략입니다. 먼저, 건물을 사용하여 두 번째 확장의 입구를 막고, 쉴드 배터리와 스토커로 저그의 초기 공격을 방어합니다. 그런 다음, 어둠의 성소 기술을 최대한 빨리 업그레이드하고 워프 프리즘을 사용하여 네 명의 어둠의 성소 전사를 저그의 세 번째 확장으로 전송합니다. 어둠의 성소 전사가 저그의 세 번째 확장을 우선적으로 공격해야 한다는 점에 유의해야 합니다. 이 기지를 성공적으로 파괴한 후 저그는 대량의 유닛 생산 능력을 잃게 됩니다. 그 다음, 어둠의 성소 전사를 두 명의 대통령으로 합치고 괴롭힘 작전을 수행합니다. 8개의 게이트웨이를 완성한 후 두 개의 확장에서 자원을 충분히 모으고 두 명의 이모탈과 함께 전면 공격을 벌입니다. 이러한 상황에서 저그는 거의 효과적인 방어를 할 수 없습니다.

これはプロトス対ゼルグの迅速な攻撃戦術です。まず、建物を使って第2エキスパンションの入り口を塞ぎ、シールドバッテリーとストーカーでゼルグの早期の攻撃に対処します。次に、ダークシュライン技術をできるだけ早くアップグレードし、ワーププリズムを使ってダークテンプラーを4人ゼルグの第3エキスパンションに転送します。ダークテンプラーは、ゼルグの第3エキスパンションを優先的に攻撃することに注意してください。この基地を無事破壊すると、ゼルグは大量のユニットを生産する能力を失います。その後、ダークテンプラーを2人のアルコンに合体させ、ハラスメント行動を行います。8つのゲートウェイを補完し、2つのエキスパンションから資源を十分に確保したら、2体のイモータルを使って全面的な攻撃を開始します。この状況では、ゼルグは効果的な防御がほとんどできません。

Go to:

Details

  • Created by: TwingsO
  • Published on: Mar 06, 2023
  • Modified on: Apr 05, 2023
  • Patch: 5.0.11
  • Difficulty: Medium
Show
View Real Time Build Order
Export as new Build Order

Comments (0)

There are no comments. Be the first!

Create an account to comment!